[Event "Late-Titled-Tuesday-Blitz-January-30-2024"]
[Site "Chess.com"]
[Date "2024.01.30"]
[Round "10"]
[White "Burgsvik"]
[Black "pr1105"]
[Result "0-1"]
[WhiteElo "2287"]
[BlackElo "2416"]
[TimeControl "180+1"]
[EndTime "15:55:49 PST"]
[Termination "pr1105 won by checkmate"]

1. e4 e5 2. Nf3 Nc6 3. d4 exd4 4. Bb5 Bb4+ 5. c3 dxc3 6. Nxc3 d6 7. O-O Bxc3 8. bxc3 Nf6 9. e5 dxe5 10. Qxd8+ Kxd8 11. Bxc6 bxc6 12. Nxe5 Ke8 13. Nxc6 Be6 14. Re1 Kd7 15. Ne5+ Kc8 16. Bg5 Rb8 17. Nc6 Rb2 18. a4 Kb7 19. Nd4 Bd5 20. Bc1 Rb6 21. a5 Ra6 22. Re7 Re8 23. Rxe8 Nxe8 24. Bf4 Nd6 25. Rb1+ Kc8 26. Bxd6 cxd6 27. Rb5 Bc4 28. Rh5 g6 29.
Rxh7 Rxa5 30. f3 Ra3 31. Rh8+ Kb7 32. Rd8 Rxc3 33. Rxd6 a5 34. Rd7+ Kb6 35. Rd8 Kc5 36. Kf2 Rd3 37. Ra8 Rxd4 38. Rxa5+ Kd6 39. Ke3 Rd5 40.
Ra4 Rc5 41. Kd4 Be6 42. g4 Rc2 43. h4 Rh2 44. Ra6+ Ke7 45. Ke5 Rxh4 46. Ra7+ Kf8 47. Kf6 Kg8 48. Re7 Rh3 49. f4 Rf3 50. Kg5 Rf1 51.
Re8+ Kg7 52. f5 gxf5 53. gxf5 Rxf5+ 54. Kh4 Rf6 55. Rb8 Rg6 56. Rb4 Kf6 57. Kh5 Ke5 58. Rb5+ Bd5 59. Rb2 Rg8 60. Re2+ Be4 61. Kh6 f5 62.
Kh5 f4 63. Kh4 f3 64. Rf2 Kf4 65. Rb2 Ke3 66. Kh3 f2 67. Rb3+ Bd3 68. Rb1 f1=Q+ 69. Rxf1 Bxf1+ 70. Kh4 Rg2 71. Kh5 Kf4 72. Kh6 Rg5 73. Kh7 Kf5 74. Kh8 Kf6 75. Kh7 Kf7 76. Kh8 Rh5# 0-1

[Event "Late-Titled-Tuesday-Blitz-January-30-2024"]
[Site "Chess.com"]
[Date "2024.01.30"]
[Round "10"]
[White "ContrVersia"]
[Black "Alexei_Gubajdullin"]
[Result "1-0"]
[WhiteElo "2846"]
[BlackElo "2633"]
[TimeControl "180+1"]
[EndTime "15:55:50 PST"]
[Termination "ContrVersia won by checkmate"]

1. Nf3 Nf6 2. c4 g6 3. g3 Bg7 4.
Bg2 O-O 5. O-O d6 6. d4 Nbd7 7. Nc3 e5 8. e4 c6 9. h3 a5 10.
Re1 Re8 11. Qc2 exd4 12. Nxd4 Nc5 13. Bf4 Nfd7 14. Rad1 Ne5 15. b3 Qb6 16. Be3 a4 17. f4 axb3 18. axb3 Ned7 19. Rb1 Qb4 20. Na2 Qa3 21. Re2 f5 22. Nc3 Nxe4 23. Nxe4 fxe4 24. Rd1 Nc5 25. Kh2 Bxd4 26. Bxd4 Qxb3 27. Qxb3 Nxb3 28. Bf6 Re6 29. Bc3 Ra4 30. g4 Rxc4 31.
Bb2 d5 32. Re3 Nc5 33. f5 Re8 34. Rf1 Nd3 35. Ba1 Rc1 36. Rxc1 Nxc1 37. fxg6 hxg6 38. Kg3 Nd3 39. Bf1 Ne5 40. Kf4 Nf7 41. h4 c5 42.
Bb5 Rd8 43. Bf6 Rd6 44. g5 Rb6 45. Be8 Bf5 46. Ra3 Rc6 47. Bxc6 bxc6 48. Ra8+ Kh7 49.
Rf8 Be6 50. Re8 Bf5 51. Re7 Kg8 52. h5 c4 53. h6 c5 54. Rxf7 Kxf7 55. h7 d4 56.
h8=Q Ke6 57. Qe8+ Kd5 58. Qe5+ Kc6 59. Be7 e3 60. Qxc5+ Kd7 61. Qd6+ Ke8 62. Bf6 e2 63. Qe7# 1-0

[Event "Late-Titled-Tuesday-Blitz-January-30-2024"]
[Site "Chess.com"]
[Date "2024.01.30"]
[Round "10"]
[White "Alex_Sahakyan2006"]
[Black "ozates"]
[Result "1-0"]
[WhiteElo "2871"]
[BlackElo "2642"]
[TimeControl "180+1"]
[EndTime "15:55:57 PST"]
[Termination "Alex_Sahakyan2006 won by resignation"]

1. e4 c5 2. Nc3 Nc6 3. Bb5 Nd4 4. Nf3 a6 5. Bd3 g6 6. Nxd4 cxd4 7. Ne2 d5 8. O-O dxe4 9. Bxe4 Nf6 10. Bf3 Bg7 11. d3 e5 12. c3 dxc3 13. bxc3 O-O 14. Ng3 Re8 15. Rb1 Nd5 16. Qb3 Be6 17. c4 Nf4 18.
Bxf4 exf4 19. Ne2 g5 20. Rfe1 Rb8 21. h3 b5 22. Qc2 Rc8 23. c5 Bd5 24. Bg4 Rc6 25. d4 Be4 26. Qb3 Bxb1 27. Rxb1 Rc7 28. Rd1 Rce7 29. Rd2 Qa5 30. Qd1 Qb4 31. c6 Qd6 32.
Bd7 Rxd7 33. cxd7 Qxd7 34. d5 Qd6 35. Rc2 Rd8 36. Rd2 a5 37. Rd3 b4 38. Qb3 Re8 39.
Qd1 Bf6 40. Kf1 Ra8 41. Qa4 Kg7 42. Qc6 Rd8 43. Qxd6 Rxd6 44. g3 fxg3 45. Nxg3 Kg6 46. Ne4 Rd8 47. d6 a4 48. Nc5 Be5 49. d7 Bf6 50.
Nb7 b3 51. axb3 a3 52. Nxd8 Bxd8 53. Rd2 Kf6 54. Ra2 Ke6 55. Rxa3 Kxd7 56. Ra4 h5 57.
Kg2 f5 58. Ra6 g4 59. Rh6 h4 60. Rh5 Ke6 61. b4 Ke5 62. hxg4 Kf4 63. gxf5 1-0

[Event "Late-Titled-Tuesday-Blitz-January-30-2024"]
[Site "Chess.com"]
[Date "2024.01.30"]
[Round "10"]
[White "Fh2411"]
[Black "BardArtem"]
[Result "1-0"]
[WhiteElo "2612"]
[BlackElo "2763"]
[TimeControl "180+1"]
[EndTime "15:55:58 PST"]
[Termination "Fh2411 won by resignation"]

1. d4 Nf6 2. Nf3 b6 3. Bf4 Bb7 4. e3 g6 5. h3 Bg7 6. Be2 O-O 7. O-O d6 8. c4 Nbd7 9. Nc3 Qe8 10. Nb5 Qb8 11. Bh2 Ne4 12. Nd2 Nxd2 13. Qxd2 Nf6 14.
Nc3 Rd8 15. Qc2 e6 16. Rfd1 h6 17. Rac1 Qc8 18. c5 Qd7 19. Bb5 Bc6 20. Bxc6 Qxc6 21. cxd6 cxd6 22. Qa4 Qxa4 23. Nxa4 b5 24. Nc3 a6 25. a4 b4 26. Nb1 Rac8 27. Nd2 d5 28.
f3 Bf8 29. Kf2 Nd7 30. a5 f6 31. Bc7 Re8 32. Nb3 Kf7 33. Rc2 g5 34. Rdc1 h5 35. Rc6 Ra8 36. Bb6 Be7 37. Rc7 Nf8 38. Rb7 Reb8 39.
Rcc7 Rxb7 40. Rxb7 Ke8 41. Bc5 Ng6 42. Rxb4 e5 43. Rb7 Rc8 44. Rb6 exd4 45. exd4 Nf4 46.
Rxa6 Rb8 47. Rb6 Ra8 48. g3 Nd3+ 49. Ke3 Nxb2 50. Re6 Kd7 51. Rxe7+ Kc6 52. Kd2 Nc4+ 53. Kc3 Rb8 54. Re6+ Kd7 55. Rxf6 Re8 56. a6 Ne3 57. a7 Kc7 58. Rf7+ Kc6 59. Na5+ Kb5 60. Rb7+ Kxa5 61.
Rb8 1-0

[Event "Late-Titled-Tuesday-Blitz-January-30-2024"]
[Site "Chess.com"]
[Date "2024.01.30"]
[Round "10"]
[White "Kildepiotr"]
[Black "ural58"]
[Result "0-1"]
[WhiteElo "2685"]
[BlackElo "2495"]
[TimeControl "180+1"]
[EndTime "15:56:02 PST"]
[Termination "ural58 won on time"]

1. Nf3 Nc6 2. g3 d5 3. Bg2 e5 4.
O-O Be7 5. c4 e4 6. Ne1 Nf6 7.
cxd5 Qxd5 8. Nc3 Qe5 9. d3 Bf5 10. Bf4 Qe6 11. Nb5 O-O-O 12. Qa4 Bc5 13. Rc1 Bb6 14.
dxe4 Bxe4 15. Nf3 h6 16. Bxc7 Bxc7 17. Nxa7+ Nxa7 18. Qxa7 Bc6 19. Nd4 Rxd4 20. Qxd4 Bxg2 21. Kxg2 Qd5+ 22. Qxd5 Nxd5 23. Rc5 Rd8 24. Rfc1 Rd7 25. a4 b6 26. R5c4 Kb7 27. e4 Ne7 28. b4 g5 29. Kf3 Ng6 30. Ke2 Ne5 31. R4c3 Bd6 32.
Rb3 g4 33. Rd1 Kc7 34. Rc3+ Kd8 35. b5 Bc5 36. Rxd7+ Nxd7 37. f4 gxf3+ 38. Kxf3 Ke7 39. Kf4 Ke6 40. Rc2 Bd6+ 41. Kg4 Nc5 42. Rc4 Bf8 43. Kf4 Bd6+ 44. Ke3 Ke5 45. Rd4 Ke6 46. Rd5 Nxa4 47. Rh5 Nc3 48. Rxh6+ f6 49. Rh5 Be5 50. Rh7 Nxb5 51.
Kf3 Nd6 52. h4 b5 53. h5 b4 54. Rh8 Nf7 55. Ra8 b3 56. Ra6+ Ke7 57. Rb6 b2 58.
Kg4 Kf8 59. Kf5 Kg7 60. Rb7 Kh6 61. Rb6 Nd6+ 62. Ke6 Nxe4 63. g4 Ng5+ 64. Kf5 Nf3 0-1

[Event "Late-Titled-Tuesday-Blitz-January-30-2024"]
[Site "Chess.com"]
[Date "2024.01.30"]
[Round "10"]
[White "K_A_S_T_O_R"]
[Black "aghasiyevkamal"]
[Result "1-0"]
[WhiteElo "2913"]
[BlackElo "2674"]
[TimeControl "180+1"]
[EndTime "15:56:05 PST"]
[Termination "K_A_S_T_O_R won on time"]

1. e4 e5 2. Nf3 Nc6 3. Bb5 a6 4. Ba4 Nf6 5. O-O b5 6. Bb3 Bc5 7. c3 d6 8. d3 h6 9. Be3 O-O 10.
Nbd2 Re8 11. h3 Be6 12. d4 Bxb3 13. Qxb3 Bb6 14. Qc2 Rb8 15. a3 d5 16. dxe5 Bxe3 17. exf6 Bxd2 18. exd5 Qxd5 19. Rad1 Re2 20. Rxd2 Rxd2 21.
Nxd2 Rd8 22. Ne4 Qd3 23. Qxd3 Rxd3 24. Re1 gxf6 25. Nxf6+ Kg7 26. Nh5+ Kf8 27. Re2 Rd1+ 28. Kh2 Na5 29. Nf6 Nc4 30. f4 Rd2 31. Re8+ Kg7 32. Nh5+ Kg6 33. Ng3 Rxb2 34. Rc8 Ne3 35. f5+ Kh7 36. Ne4 Rxg2+ 37. Kh1 h5 38. Rxc7 Kh6 39. Rc6+ Kg7 40. h4 Rg4 41. Nd6 Rxh4+ 42. Kg1 Rg4+ 43.
Kf2 Nd5 44. Kf3 Nf6 45. Rc7 Nd5 46. Rxf7+ Kg8 47. Ra7 Rg7 48. Rxa6 h4 49. Ne4 h3 50. Rh6 Rh7 51. Rxh7 Kxh7 52. Kg3 Ne3 53. f6 Kg6 54. Kxh3 Nc2 55. Kg4 Nxa3 56. Kf4 Nb1 57. Ke5 Kf7 58. Kf5 Na3 59. Ng5+ Kf8 60. Kg6 Nc4 61. Nh7+ Ke8 62. f7+ Kd7 63. f8=Q Ne5+ 64. Kf5 Nc6 65. Nf6+ Kc7 66. Qc5 Kb7 67. Nd5 b4 68. Qb6+ 1-0

[Event "Late-Titled-Tuesday-Blitz-January-30-2024"]
[Site "Chess.com"]
[Date "2024.01.30"]
[Round "10"]
[White "dmitrijiIM"]
[Black "BilodeauA"]
[Result "1-0"]
[WhiteElo "2909"]
[BlackElo "3017"]
[TimeControl "180+1"]
[EndTime "15:56:06 PST"]
[Termination "dmitrijiIM won by resignation"]

1. d4 d5 2. c4 dxc4 3. Nf3 a6 4. e3 Bg4 5. Bxc4 e6 6. h3 Bh5 7. g4 Bg6 8. Ne5 Be4 9. f3 Bxb1 10. Rxb1 Nd7 11. Nxd7 Qxd7 12. Bd2 Ne7 13. Rc1 h5 14. Kf2 g6 15. Qb3 c6 16. Bc3 Nd5 17. Bd2 Bg7 18. Kg2 Qe7 19. e4 Nf6 20. Bb4 Qd7 21. Rhd1 hxg4 22. hxg4 Qc7 23. e5 O-O-O 24. Qa4 Nd5 25.
Ba5 Ne3+ 26. Kg1 Rh1+ 27. Kxh1 Rh8+ 28. Kg1 Qe7 29. Bxa6 Rh1+ 30. Kf2 Nxd1+ 31. Rxd1 Qh4+ 32. Ke3 Qg5+ 33. Kd3 Rxd1+ 34. Qxd1 bxa6 35. Qc2 Kd7 36. Qb3 Kc8 37. Qb6 Qe7 38. Qxc6+ Kb8 39. Qb6+ Qb7 40. Qxb7+ Kxb7 41. Kc4 Kc6 42. Bd2 Bf8 43. b4 Be7 44. a4 Kb7 45. b5 axb5+ 46. axb5 Kb6 47. Bb4 Bd8 48. Bc5+ Kb7 49. d5 Ba5 50. Bd4 Be1 51. d6 Ba5 52. Kd3 Kc8 53. Ke4 Kd7 54. f4 Bb4 55. f5 gxf5+ 56. gxf5 Ba5 57. Kf4 Bd8 58. Kg4 exf5+ 59. Kxf5 Ba5 60. Kf6 Ke8 61. b6 Kd7 62.
Kxf7 Kc6 63. e6 Bb4 64. e7 1-0

[Event "Late-Titled-Tuesday-Blitz-January-30-2024"]
[Site "Chess.com"]
[Date "2024.01.30"]
[Round "10"]
[White "M1711"]
[Black "Quattroporte300"]
[Result "1/2-1/2"]
[WhiteElo "2655"]
[BlackElo "2423"]
[TimeControl "180+1"]
[EndTime "15:56:09 PST"]
[Termination "Game drawn - insufficient material"]

1. e4 e5 2. Nf3 Nc6 3. Nc3 Nf6 4. d4 exd4 5. Nxd4 Bb4 6. Nxc6 bxc6 7. Bd3 d5 8. exd5 cxd5 9. O-O O-O 10. h3 c6 11.
Qf3 Bd6 12. Re1 Rb8 13. Na4 Rb4 14. b3 Re8 15. Bd2 Rb8 16. Bf4 Be6 17. Rad1 Rb4 18. c4 Bxf4 19. Qxf4 Qb8 20. Qxb8 Rbxb8 21. cxd5 Bxd5 22.
f3 g5 23. Kf2 Kg7 24. Rxe8 Rxe8 25. Rc1 Nh5 26. Nc3 Nf4 27. Bf1 Kf6 28. g3 Ne6 29. Bd3 h6 30. Be4 Rd8 31. Rd1 Bxe4 32.
Nxe4+ Ke7 33. Rc1 Nd4 34. Rc5 Rd5 35. Rc4 f5 36. Nc3 Rd6 37. Ra4 Rd7 38. Nd1 Nxb3 39. axb3 Rxd1 40. Rxa7+ Kf6 41. Ra6 Rc1 42. b4 Kg7 43. Ke3 Rc4 44. Rb6 c5 45. b5 Rc3+ 46.
Ke2 Rb3 47. h4 c4 48. hxg5 hxg5 49. g4 fxg4 50. fxg4 Kf7 51. Kd2 Rb4 52. Kc3 Rb1 53. Kxc4 Rg1 54. Rd6 Rxg4+ 55. Kc5 Rg1 56. b6 Rc1+ 57.
Kb5 Rb1+ 58. Kc6 g4 59. Rd3 Kf6 60. Rd5 g3 61. Rd2 Kf5 62. Rd5+ Kf4 63. Rd2 Kf3 64. b7 Rxb7 65. Kxb7 g2 66. Rd1 Kf2 67. Rb1 g1=Q 68. Rxg1 Kxg1 1/2-1/2

[Event "Late-Titled-Tuesday-Blitz-January-30-2024"]
[Site "Chess.com"]
[Date "2024.01.30"]
[Round "10"]
[White "Meri-Arabidze"]
[Black "subham777"]
[Result "1/2-1/2"]
[WhiteElo "2722"]
[BlackElo "2500"]
[TimeControl "180+1"]
[EndTime "15:56:14 PST"]
[Termination "Game drawn by repetition"]

1. Nf3 d5 2. b3 Nf6 3. Bb2 e6 4. e3 Be7 5. d4 O-O 6. Bd3 Ne4 7.
Nbd2 f5 8. O-O Nd7 9. c4 c6 10. Qc2 Bd6 11. Ne5 Qc7 12. Ndf3 Ndf6 13. Rac1 Bd7 14. cxd5 exd5 15. g3 Ng4 16. Nxg4 fxg4 17. Bxe4 dxe4 18. Qc4+ Kh8 19. Ne5 Rae8 20. b4 Be6 21. Qc2 Bd5 22. b5 Bxe5 23. dxe5 Qf7 24. bxc6 Bxc6 25. a4 Qh5 26. Rcd1 Qh3 27. Rd6 Rf5 28.
e6 Rh5 29. f4 exf3 30. Rf2 Rd5 31. Qc3 Qh6 32. Rxd5 Bxd5 33. e7 Rxe7 34. Rd2 Qc6 35.
Qd4 f2+ 36. Rxf2 Bg8 37. Bc3 Rd7 38. Qe5 Rd1+ 39. Rf1 Rxf1+ 40. Kxf1 Qf3+ 41. Ke1 Qh1+ 42. Kd2 Qxh2+ 43. Kd3 Qh6 44. Bd4 Qg6+ 45. Kc3 h5 46.
Qf4 Qc6+ 47. Kd2 Qg6 48. Qe5 Kh7 49. Kc3 a6 50. a5 Qf7 51. Kd2 Qa2+ 52. Ke1 Qb1+ 53. Kf2 Qa2+ 54. Ke1 Qf7 55. Qe4+ Qg6 56. Qxb7 Bc4 57. Qb6 Bb5 58. Qc5 Qd3 59. Kf2 Qe2+ 60. Kg1 Qf1+ 61. Kh2 Qf2+ 62. Kh1 Qe1+ 63. Kh2 Qf2+ 64. Kh1 Qxg3 65. Qxh5+ Kg8 66. Qd5+ Kh7 67.
Qh5+ Kg8 68. Qd5+ Kh7 69. Qf5+ Kg8 70. Qd5+ 1/2-1/2

[Event "Late-Titled-Tuesday-Blitz-January-30-2024"]
[Site "Chess.com"]
[Date "2024.01.30"]
[Round "10"]
[White "traviscottofficial"]
[Black "krzyzan94"]
[Result "0-1"]
[WhiteElo "2609"]
[BlackElo "2761"]
[TimeControl "180+1"]
[EndTime "15:56:16 PST"]
[Termination "krzyzan94 won on time"]

1. e4 d5 2. exd5 Qxd5 3. Nc3 Qd8 4. Nf3 Nf6 5. Bc4 g6 6. O-O Bg7 7. h3 O-O 8. d3 c6 9. Re1 a5 10. a4 Nd5 11. Nxd5 cxd5 12. Bb3 Nc6 13. d4 Qd6 14. c3 Bf5 15. Bg5 Rfe8 16. Bh4 Rad8 17.
Bg3 Qd7 18. Qe2 h6 19. Qb5 Kh7 20. Rad1 g5 21. Ba2 Bg6 22. Bh2 e6 23. Qb6 f6 24.
Qc7 Qxc7 25. Bxc7 Rc8 26. Bh2 Bc2 27. Ra1 h5 28. Re2 Bd3 29. Re3 Bf5 30. Rae1 Rf8 31. Nd2 g4 32. hxg4 hxg4 33. Bb1 Bxb1 34. Nxb1 Nd8 35.
Na3 Bh6 36. R3e2 Kg6 37. Nb5 Rc6 38. Bc7 Kf7 39. Bxa5 Bf4 40. g3 Bb8 41. Kg2 Rh8 42. Bxd8 Rxd8 43. Rh1 Kg7 44. Rh4 f5 45. Re1 Rh8 46.
Rxh8 Kxh8 47. b3 Kg7 48. Re3 Kf6 49. Kf1 f4 50. gxf4 Bxf4 51. Re2 Rc8 52. a5 Rh8 53. Kg1 Rh3 54. b4 Rd3 55. Ra2 Bd2 56. Rc2 Bf4 57. Kf1 Rh3 58. Kg2 Rh2+ 59. Kg1 g3 60. fxg3 Rxc2 61. gxf4 Ke7 62. Kf1 Kd7 63. Ke1 Kc6 64. Na7+ Kd7 65. Nb5 Rh2 66. Kd1 Rh4 67. Kc2 Rxf4 68.
Kb3 Rf3 69. Na3 e5 70. dxe5 d4 71. Nb5 d3 72. Nd4 Rf1 73. e6+ Ke8 0-1

[Event "Late-Titled-Tuesday-Blitz-January-30-2024"]
[Site "Chess.com"]
[Date "2024.01.30"]
[Round "10"]
[White "JaackCamel"]
[Black "akanga001"]
[Result "1-0"]
[WhiteElo "2159"]
[BlackElo "1990"]
[TimeControl "180+1"]
[EndTime "15:56:16 PST"]
[Termination "JaackCamel won by resignation"]

1. d4 d5 2. c4 e6 3. Nc3 Nf6 4. cxd5 exd5 5. Bg5 c6 6. e3 Be7 7. Bd3 O-O 8. Qc2 Nbd7 9. Nge2 Re8 10. O-O Nf8 11. h3 Be6 12. Rad1 N6d7 13. Bf4 Rc8 14. Qb1 Ng6 15. Bg3 a5 16. Rc1 Ndf8 17. Rfd1 Bd6 18.
Bxd6 Qxd6 19. Na4 Nd7 20. Nc5 Nxc5 21. Rxc5 b6 22. Rc3 Rc7 23. Rdc1 Rec8 24. Bxg6 hxg6 25. Qc2 Bd7 26. Nf4 g5 27. Nd3 Bf5 28. Qe2 Bxd3 29. Qxd3 c5 30. Qf5 f6 31. dxc5 Rxc5 32. Qxc8+ Rxc8 33. Rxc8+ Kh7 34. R8c6 Qb4 35. R6c2 d4 36. exd4 Qxd4 37.
b3 b5 38. Rc5 Qd3 39. R1c2 a4 40. bxa4 bxa4 41. R5c3 Qd1+ 42. Kh2 Qd6+ 43. g3 f5 44. Rc5 f4 45. Rxg5 fxg3+ 46. Rxg3 Qd1 47. Rc4 Qe2 48.
Rh4+ Kg8 49. Rxa4 Qxf2+ 50. Rg2 Qf7 51. Rag4 Qc7+ 52. Kh1 Qc1+ 53. Rg1 Qc6+ 54. Kh2 Qd6+ 55. R4g3 Kf8 56. h4 Qf4 57. Kh3 Qf5+ 58. Rg4 Qf3+ 59. R4g3 Qf5+ 60. Kh2 Qf4 61. Kg2 Qxh4 62. Kf3 Qf6+ 63.
Ke4 Qe6+ 64. Kd3 Qxa2 65. Rxg7 Qb1+ 66. Rxb1 Kxg7 67. Rb6 1-0

[Event "Late-Titled-Tuesday-Blitz-January-30-2024"]
[Site "Chess.com"]
[Date "2024.01.30"]
[Round "10"]
[White "santosalberto1987"]
[Black "brm72"]
[Result "1-0"]
[WhiteElo "2560"]
[BlackElo "2683"]
[TimeControl "180+1"]
[EndTime "15:56:20 PST"]
[Termination "santosalberto1987 won by resignation"]

1. e4 c6 2. c4 d5 3. exd5 cxd5 4.
cxd5 Nf6 5. Qa4+ Nbd7 6. Bc4 g6 7. Nc3 a6 8. d3 Rb8 9. Qd1 b5 10. Bb3 Nb6 11. Bf4 Rb7 12. Nf3 Bg7 13. d6 exd6 14.
O-O O-O 15. Re1 Re7 16. Qd2 Bb7 17. Ng5 d5 18. Rxe7 Qxe7 19. Re1 Qd7 20. d4 Nc4 21.
Qc2 Qg4 22. Bc1 Qxd4 23. Nf3 Qc5 24. Ne2 Ne4 25. Ng3 f5 26. Rd1 a5 27. a3 h5 28. Ba2 Kh8 29. Nh4 Kh7 30. Nxe4 fxe4 31.
b3 Bd4 32. Rxd4 Qxd4 33. bxc4 bxc4 34. Be3 Qa1+ 35. Qb1 Qxb1+ 36. Bxb1 Bc6 37. Bc2 Rb8 38. Bd4 Rf8 39. g3 g5 40. Ng2 Kg6 41. Ne3 h4 42. Kg2 hxg3 43. hxg3 Rb8 44. Ng4 Kf5 45. Ne5 Be8 46.
g4+ Ke6 47. Kg3 Rb7 48. f3 exf3 49. Nxf3 Kd6 50. Nxg5 Re7 51. Nf3 Re2 52. Bf5 Ra2 53. g5 Rxa3 54. g6 Bxg6 55. Bxg6 c3 56. Kf4 Rb3 57. Bc2 Rb2 58. Bd3 Rb3 59. Ke3 a4 60.
Ne1 a3 61. Nc2 a2 62. Ke2 Kc6 63. Ke3 Kd6 64. Ke2 Rb2 65. Bxc3 Rxc2+ 66. Bxc2 Kc5 67. Ba1 Kc4 68. Kd2 Kb4 69. Kd3 Ka3 70. Kd4 Kb4 71.
Kxd5 Ka3 72. Kd4 Kb4 73. Kd3 Ka3 74. Bd1 Kb4 75. Kc2 Ka3 76. Be2 Kb4 77. Kb2 Ka4 78. Kxa2 Kb4 79. Kb2 Ka4 1-0

[Event "Late-Titled-Tuesday-Blitz-January-30-2024"]
[Site "Chess.com"]
[Date "2024.01.30"]
[Round "10"]
[White "GasconJR"]
[Black "Evgeny81"]
[Result "1/2-1/2"]
[WhiteElo "2608"]
[BlackElo "2724"]
[TimeControl "180+1"]
[EndTime "15:56:21 PST"]
[Termination "Game drawn - insufficient material"]

1. e4 c5 2. Nf3 Nc6 3. d4 cxd4 4.
Nxd4 g6 5. c4 Bg7 6. Be3 d6 7. Nc3 Nf6 8. Be2 O-O 9. O-O Nxd4 10.
Bxd4 Be6 11. b3 a6 12. a4 Nd7 13. Bxg7 Kxg7 14. Kh1 Qa5 15. Qd4+ Qe5 16. Qd2 g5 17. f4 gxf4 18. Rxf4 Kh8 19. Raf1 Rg8 20. Nd5 Bxd5 21. exd5 Nf6 22. Bd3 Qg5 23. R4f2 Qxd2 24. Rxd2 Rg5 25. Re2 Nd7 26. Rxe7 Ne5 27. Bf5 b6 28. g3 Kg7 29.
Rb7 b5 30. cxb5 axb5 31. Rxb5 Ra7 32. Rb6 h5 33. Rxd6 Rb7 34. Bc2 Ng4 35. Rf5 Rxf5 36. Bxf5 Rxb3 37. Bxg4 hxg4 38. a5 Rb1+ 39. Kg2 Rb2+ 40.
Kg1 Rb1+ 41. Kf2 Rb2+ 42. Ke3 Rxh2 43. Kf4 Ra2 44. a6 Ra4+ 45. Kf5 Kg8 46. Rb6 Kg7 47. d6 Ra5+ 48. Kxg4 Kf6 49. Kf4 Ke6 50. g4 f6 51.
Kg3 Kd7 52. Kh4 Ke6 53. Kg3 Kd7 54. Kf4 Ke6 55. Ke4 Ra4+ 56. Kd3 Rxg4 57. Kc3 Ra4 58. Kb3 Ra1 59. Kb4 Kd7 60. Kc5 Ra5+ 61. Kb4 Ra1 62. Kb5 f5 63. Rb7+ Kxd6 64. a7 Rb1+ 65. Ka6 Ra1+ 66. Kb6 Ke5 67. Re7+ Kd4 68. Rf7 Ke4 69.
Re7+ Kd4 70. Kb7 f4 71. Re6 Rxa7+ 72. Kxa7 f3 73. Rf6 Ke3 74. Kb6 f2 75. Kc5 Ke2 76. Kc4 f1=Q 77. Rxf1 Kxf1 1/2-1/2

[Event "Late-Titled-Tuesday-Blitz-January-30-2024"]
[Site "Chess.com"]
[Date "2024.01.30"]
[Round "10"]
[White "GiorgianBarbosa"]
[Black "GianmarcoVaR"]
[Result "1/2-1/2"]
[WhiteElo "2479"]
[BlackElo "2662"]
[TimeControl "180+1"]
[EndTime "15:56:22 PST"]
[Termination "Game drawn by stalemate"]

1. c4 e5 2. Nc3 Nf6 3. g3 h6 4. Bg2 Bb4 5. Nd5 Nxd5 6. cxd5 O-O 7. e3 c6 8. Ne2 d6 9. Nc3 Bxc3 10. dxc3 c5 11. O-O f5 12. b4 Na6 13. Ba3 Qc7 14.
f4 Re8 15. Rc1 Bd7 16. Kh1 exf4 17. exf4 Re3 18. Qd2 Rae8 19. Rce1 Rxe1 20. Rxe1 Rxe1+ 21. Qxe1 cxb4 22. cxb4 Qc2 23. b5 Nc5 24. Bxc5 Qxc5 25.
a4 Qd4 26. h4 Kf8 27. Qa5 Ke7 28. Kh2 Qc5 29. Qe1+ Kf8 30. Qd2 Be8 31. Qa5 Ke7 32.
Qd2 Bf7 33. Qb2 Kf8 34. Qd2 Ke7 35. Qb2 Kf8 36. Qb1 Bg6 37. Qb2 Qc8 38. Qb4 Qc7 39. Qd2 Bf7 40. Qd3 Qd7 41. Qd4 b6 42. Qd3 Qc8 43.
Qa3 Qc6 44. Qd3 Qc8 45. Qd4 Qc5 46. Qd2 Be8 47. Qd3 Bd7 48. Qd2 Qc4 49. Qd1 Qc3 50. Bh3 Qe3 51. Qb1 Qf2+ 52. Bg2 Qe3 53. Qc2 Qd4 54. Qc7 Ke7 55. Qxa7 g5 56. a5 gxf4 57. Qxb6 fxg3+ 58. Kxg3 Qxb6 59. axb6 Kd8 60. Bf3 Kc8 61. Kf4 Kb7 62. Bh5 Kxb6 63. Bg6 Kxb5 64. Bxf5 Bxf5 65. Kxf5 Kc5 66. Ke6 h5 67. Kf6 Kxd5 68. Kg6 Ke6 69. Kxh5 Kf5 70. Kh6 Kf6 71. h5 d5 72. Kh7 d4 73. h6 Kf7 74. Kh8 d3 75. h7 d2 1/2-1/2

[Event "Late-Titled-Tuesday-Blitz-January-30-2024"]
[Site "Chess.com"]
[Date "2024.01.30"]
[Round "10"]
[White "Arteler"]
[Black "KaydenTroffChess"]
[Result "0-1"]
[WhiteElo "2567"]
[BlackElo "2848"]
[TimeControl "180+1"]
[EndTime "15:56:26 PST"]
[Termination "KaydenTroffChess won on time"]

1. e4 c5 2. Nf3 g6 3. c3 Bg7 4. d4 cxd4 5. cxd4 d5 6. exd5 Nf6 7. Nc3 O-O 8. Bc4 Nbd7 9. d6 exd6 10. O-O Nb6 11. Bb3 Bf5 12. Re1 Rc8 13. Bf4 a6 14. h3 Nc4 15. Bxc4 Rxc4 16. Qb3 b5 17. a4 Nh5 18. Bg5 Bf6 19. Bxf6 Qxf6 20. axb5 axb5 21.
Qxb5 Bd3 22. Nd5 Qg7 23. Qb3 Rxd4 24. Nxd4 Qxd4 25. Ne7+ Kg7 26. Nc6 Qc4 27. Qxc4 Bxc4 28. Rac1 Bd5 29. Red1 Nf4 30. Rd2 Bxg2 31. Rc4 Bxc6 32.
Rxf4 d5 33. Rc2 Bd7 34. Rc7 Bxh3 35. b4 g5 36. Rf3 Bg4 37. Rg3 Be6 38. Rxg5+ Kf6 39.
Rh5 Rb8 40. Rh4 Kg5 41. Rd4 Kf5 42. Rc3 Ke5 43. Rh4 Ra8 44. Re3+ Kd6 45. Rxh7 Rg8+ 46.
Kf1 Rg4 47. Rb3 d4 48. Rb2 Bc4+ 49. Ke1 Rg1+ 50. Kd2 Rg2 51. Kc1 Rg1+ 52. Kc2 Rg2 53. Rh6+ Ke5 54. Rh5+ f5 55. Kc1 Rg1+ 56. Kd2 Rg2 57.
Ke1 Rg1+ 58. Kd2 Rg2 59. Rc2 Rxf2+ 60. Kc1 Rf1+ 61. Kb2 Bd3 62. Rc5+ Ke4 63. Rh4+ f4 64.
Rhh5 Rb1+ 65. Ka3 f3 66. Rhf5 Ke3 67. Rce5+ Be4 68. Rf8 f2 69. Rxf2 Kxf2 70. Rxe4 d3 71. Rd4 Ke3 72. Rd8 d2 73. Ka4 Ra1+ 74. Kb5 d1=Q 75.
Rxd1 Rxd1 76. Kc5 Rc1+ 77. Kd5 Rb1 78. Kc5 Ke4 79. b5 Ke5 80. Kc6 Ke6 81. b6 Rc1+ 82. Kb7 Kd7 83. Ka7 Ra1+ 0-1

[Event "Late-Titled-Tuesday-Blitz-January-30-2024"]
[Site "Chess.com"]
[Date "2024.01.30"]
[Round "10"]
[White "platy3"]
[Black "MrTattaglia"]
[Result "1-0"]
[WhiteElo "2890"]
[BlackElo "2956"]
[TimeControl "180+1"]
[EndTime "15:56:57 PST"]
[Termination "platy3 won by checkmate"]

1. e4 e5 2. Nf3 Nc6 3. Bb5 Nf6 4. d3 Bc5 5. O-O Nd4 6. Nxd4 Bxd4 7. Nd2 c6 8. Ba4 d6 9. c3 Bb6 10. Nc4 Bc7 11. Bc2 Be6 12. f4 h6 13. fxe5 dxe5 14. Qf3 Qe7 15. Be3 Bxc4 16. dxc4 Bb6 17. b4 Bxe3+ 18. Qxe3 b6 19. Rad1 O-O 20. h3 c5 21.
a3 Rad8 22. Kh2 Rd6 23. Rxd6 Qxd6 24. Rd1 Qe7 25. Qd2 Qe6 26. Qe2 Rc8 27. Bd3 Kf8 28. b5 Rd8 29. Bc2 Rxd1 30. Bxd1 Ke7 31. a4 Ne8 32.
Bc2 Nd6 33. Bd3 Qf6 34. g3 Kd7 35. a5 bxa5 36. Kg2 Kc7 37. Qg4 g6 38. Qe2 Qe6 39.
Qe3 Kb6 40. Qxh6 Nxc4 41. Qf8 Qd6 42. Qc8 Ne3+ 43. Kf3 c4 44. Qa6+ Kc5 45. Qxa7+ Kxb5 46. Be2 Nc2 47. Qb7+ Ka4 48. Qb2 Na3 49. Kg4 f6 50. h4 Qd7+ 51. Kf3 f5 52. exf5 gxf5 53. h5 Qd5+ 54. Kf2 f4 55. h6 fxg3+ 56. Kxg3 e4 57. h7 Qg5+ 58. Kf2 Qf4+ 59. Kg2 Qg5+ 60. Kf1 Qf4+ 61.
Ke1 Qg3+ 62. Kf1 Qf4+ 63. Kg1 Qg5+ 64. Kf2 Qf4+ 65. Kg2 Qg5+ 66. Kh3 Qh6+ 67. Kg4 Qg6+ 68. Kf4 Qf6+ 69. Kxe4 Qe6+ 70. Kf3 Qf5+ 71. Kg3 Qe5+ 72.
Kg2 Qg5+ 73. Kf2 Qf4+ 74. Kg2 Qg5+ 75. Kf2 Qh4+ 76. Ke3 Qg3+ 77. Bf3 Qe5+ 78. Kf2 Qh2+ 79. Bg2 Qh6 80. Bc6+ Qxc6 81. h8=Q Qc5+ 82. Kg2 Qd5+ 83.
Kh2 Nb5 84. Qh3 Qd6+ 85. Qg3 Qh6+ 86. Kg2 Qc6+ 87. Qf3 Qg6+ 88. Kf2 Qb6+ 89. Kf1 Qc5 90. Qd1# 1-0